3AA
LANCASTER FARMERS @ BATTLE GROUND AEROS
07/28/2020
 
TOP OF THE 1ST
Lancaster Farmers batting - Pitching for Battle Ground Aeros : RHP Jim Unknown
Pitching: RHP Jim Unknown
Batting: RHB Keith Fish 0-0: Swinging Strike
0-1: Ball
1-1: Called Strike
1-2: Strikes out swinging
Batting: RHB Eric Howard 0-0: Called Strike
0-1: Foul Ball, location: 2F
0-2: Ball
1-2: Foul Ball, location: 2F
1-2: Ground out 4-3 (Groundball, 4)
Batting: RHB Jason Ruffin 0-0: SOLO HOME RUN (Flyball, 89XD), Distance : 410 ft
Batting: SHB Christos Galpin 0-0: Swinging Strike
0-1: Swinging Strike
0-2: Ball
Reached via error on a dropped throw, E3
Batting: RHB Júlio Santos 0-0: Called Strike
0-1: Fly out, F6 (Popup, 6D)
Top of the 1st over - 1 run(s), 1 hit(s), 1 error(s), 1 left on base; Lancaster 1 - Battle Ground 0
BOTTOM OF THE 1ST
Battle Ground Aeros batting - Pitching for Lancaster Farmers : RHP Ed Jacobs
Pitching: RHP Ed Jacobs
Batting: LHB Jim Unknown 0-0: SINGLE (Line Drive, 9S)
Batting: RHB Jim Unknown 0-0: Ball
1-0: Foul Ball, location: 2F
1-1: Ball
2-1: Ball
3-1: Base on Balls
Jim Unknown to second
Batting: LHB Nathan Santos 0-0: Called Strike
0-1: Ball
1-1: Foul Ball, location: 2F
1-2: Strikes out swinging
Batting: SHB Shawn Sánchez 0-0: Foul Ball, location: 2F
0-1: Swinging Strike
0-2: Fielders Choice at 2nd, 6-4 (Groundball, 6M)
Jim Unknown to third
Batting: LHB Jim Unknown 0-0: Ball
1-0: SINGLE (Line Drive, 7S)
Jim Unknown scores
Shawn Sánchez to second
Batting: LHB Jim Unknown 0-0: Called Strike
0-1: SINGLE (Groundball, 4MD)
Shawn Sánchez to third
Jim Unknown to second
Runner from 3rd tries for Home, SAFE, no throw or cutoff
Batting: RHB Jim Unknown 0-0: Foul Ball, location: 2F
0-1: Ball
1-1: Ball
2-1: Ball
3-1: Foul Ball, location: 2F
3-2: Foul Ball, location: 2F
3-2: Base on Balls
Jim Unknown to third
Jim Unknown to second
Batting: LHB Jim Unknown 0-0: Swinging Strike
0-1: Foul Ball, location: 2F
0-2: Strikes out looking
Bottom of the 1st over - 2 run(s), 3 hit(s), 0 error(s), 3 left on base; Lancaster 1 - Battle Ground 2
TOP OF THE 2ND
Lancaster Farmers batting - Pitching for Battle Ground Aeros : RHP Jim Unknown
Batting: SHB Carlos Rodríguez 0-0: Ball
1-0: Foul Ball, location: 2F
1-1: Ball
2-1: Called Strike
2-2: Foul Ball, location: 2F
2-2: Ball
3-2: Ground out 6-3 (Groundball, 6M)
Batting: SHB Arturo Robles 0-0: Fly out, F7 (Flyball, 78S)
Batting: SHB Michel Perrin 0-0: Ball
1-0: Foul Ball, location: 2F
1-1: Ball
2-1: Swinging Strike
2-2: Strikes out looking
Top of the 2nd over - 0 run(s), 0 hit(s), 0 error(s), 0 left on base; Lancaster 1 - Battle Ground 2
BOTTOM OF THE 2ND
Battle Ground Aeros batting - Pitching for Lancaster Farmers : RHP Ed Jacobs
Batting: RHB Jim Unknown 0-0: Ball
1-0: Foul Ball, location: 2F
1-1: Swinging Strike
1-2: Ball
2-2: Ground out 5-3 (Groundball, 56)
Batting: LHB Jim Unknown 0-0: Ball
1-0: Ball
2-0: Ball
3-0: Called Strike
3-1: Base on Balls
Batting: RHB Jim Unknown 0-0: Called Strike
0-1: Ball
1-1: Called Strike
1-2: Foul Ball, location: 2F
1-2: Ball
2-2: Strikes out looking
Batting: LHB Nathan Santos 0-0: Ball
Jim Unknown is caught stealing 2nd base
Bottom of the 2nd over - 0 run(s), 0 hit(s), 0 error(s), 0 left on base; Lancaster 1 - Battle Ground 2
TOP OF THE 3RD
Lancaster Farmers batting - Pitching for Battle Ground Aeros : RHP Jim Unknown
Batting: RHB Alfonso López 0-0: Foul Ball, location: 2F
0-1: Called Strike
0-2: Ball
1-2: Ball
2-2: Foul Ball, location: 2F
2-2: Strikes out swinging
Batting: RHB Keith Fish 0-0: Fly out, F9 (Line Drive, 89S)
Batting: RHB Eric Howard 0-0: Swinging Strike
0-1: Foul Ball, location: 2F
0-2: Ball
1-2: Foul Ball, location: 2F
1-2: Strikes out swinging
Top of the 3rd over - 0 run(s), 0 hit(s), 0 error(s), 0 left on base; Lancaster 1 - Battle Ground 2
BOTTOM OF THE 3RD
Battle Ground Aeros batting - Pitching for Lancaster Farmers : RHP Ed Jacobs
Batting: LHB Nathan Santos 0-0: Foul Ball, location: 2F
0-1: Ball
1-1: Foul Ball, location: 2F
1-2: Fly out, F4 (Line Drive, 4)
Batting: SHB Shawn Sánchez 0-0: Ball
1-0: Swinging Strike
1-1: Called Strike
1-2: Ground out 1-3 (Groundball, 15S)
Batting: LHB Jim Unknown 0-0: Foul Ball, location: 2F
0-1: Called Strike
0-2: Foul Ball, location: 2F
0-2: Ball
1-2: Foul Ball, location: 2F
1-2: Strikes out swinging
Bottom of the 3rd over - 0 run(s), 0 hit(s), 0 error(s), 0 left on base; Lancaster 1 - Battle Ground 2
TOP OF THE 4TH
Lancaster Farmers batting - Pitching for Battle Ground Aeros : RHP Jim Unknown
Batting: RHB Jason Ruffin 0-0: Foul Ball, location: 2F
0-1: Foul Ball, location: 2F
0-2: Ball
1-2: Foul Ball, location: 2F
1-2: Foul Ball, location: 2F
1-2: Ground out 6-3 (Groundball, 6)
Batting: SHB Christos Galpin 0-0: Fly out, F9 (Flyball, 89XD)
Batting: RHB Júlio Santos 0-0: Foul Ball, location: 2F
0-1: SINGLE (Groundball, 6M)
Batting: SHB Carlos Rodríguez 0-0: Ground out 4-3 (Groundball, 4)
Top of the 4th over - 0 run(s), 1 hit(s), 0 error(s), 1 left on base; Lancaster 1 - Battle Ground 2
BOTTOM OF THE 4TH
Battle Ground Aeros batting - Pitching for Lancaster Farmers : RHP Ed Jacobs
Batting: LHB Jim Unknown 0-0: Ball
1-0: SINGLE (Groundball, 34)
Batting: RHB Jim Unknown 0-0: Ball
1-0: Ball
2-0: Called Strike
2-1: Ball
3-1: SINGLE (Line Drive, 56D)
Jim Unknown to second
Batting: LHB Jim Unknown 0-0: SINGLE (Line Drive, 34)
Jim Unknown to third
Jim Unknown to second
Runner from 3rd tries for Home, SAFE, throw made at trailing runner, SAFE at third!
Batting: RHB Jim Unknown 0-0: Called Strike
0-1: Ball
1-1: Fly out, F4 (Popup, 4MD)
Batting: LHB Jim Unknown 0-0: Ball
1-0: Foul Ball, location: 2F
1-1: Foul Ball, location: 2F
1-2: Ball
2-2: Fly out, F7 (Flyball, 7LM)
Runner from 3rd tags up, SCORES, no throw
Batting: RHB Jim Unknown 0-0: Called Strike
0-1: Ball
1-1: Foul Ball, location: 2F
1-2: Foul Ball, location: 2F
1-2: Foul Ball, location: 2F
1-2: Ball
2-2: SINGLE (Groundball, 4MD)
Jim Unknown to second
Runner from 2nd tries for 3rd, SAFE, no throw or cutoff
Batting: LHB Nathan Santos 0-0: Foul Ball, location: 2F
0-1: Swinging Strike
0-2: Foul Ball, location: 2F
0-2: Ball
Wild Pitch!
Jim Unknown scores
Jim Unknown to second
1-2: Foul Ball, location: 2F
1-2: DOUBLE (Line Drive, 78XD)
Jim Unknown scores
Pitching: LHP Álex Reyes
Batting: SHB Shawn Sánchez 0-0: Called Strike
0-1: Called Strike
0-2: 2-RUN HOME RUN (Flyball, 89XD), Distance : 419 ft
Batting: LHB Jim Unknown 0-0: Ball
1-0: Called Strike
1-1: SINGLE (Line Drive, 8LS)
Batting: LHB Jim Unknown 0-0: Ball
1-0: Fly out, F9 (Flyball, 89M)
Bottom of the 4th over - 6 run(s), 7 hit(s), 0 error(s), 1 left on base; Lancaster 1 - Battle Ground 8
TOP OF THE 5TH
Lancaster Farmers batting - Pitching for Battle Ground Aeros : RHP Jim Unknown
Batting: SHB Arturo Robles 0-0: Ball
1-0: Ball
2-0: Called Strike
2-1: Swinging Strike
2-2: Fly out, F9 (Flyball, 9LM)
Batting: SHB Michel Perrin 0-0: Ball
1-0: Foul Ball, location: 2F
1-1: Called Strike
1-2: Fly out, F6 (Popup, 56)
Batting: RHB Alfonso López 0-0: Swinging Strike
0-1: Called Strike
0-2: Foul Ball, location: 2F
0-2: Ball
1-2: Strikes out swinging
Top of the 5th over - 0 run(s), 0 hit(s), 0 error(s), 0 left on base; Lancaster 1 - Battle Ground 8
BOTTOM OF THE 5TH
Battle Ground Aeros batting - Pitching for Lancaster Farmers : LHP Álex Reyes
Batting: RHB Jim Unknown 0-0: Called Strike
0-1: Ball
1-1: Swinging Strike
1-2: Strikes out swinging
Batting: LHB Jim Unknown 0-0: Called Strike
0-1: Ball
1-1: Swinging Strike
1-2: SINGLE (Line Drive, 6D)
Batting: RHB Jim Unknown 0-0: Ball
1-0: Foul Ball, location: 2F
1-1: SINGLE (Line Drive, 4MD)
Jim Unknown to second
Batting: LHB Jim Unknown 0-0: Ball
1-0: Called Strike
1-1: Foul Ball, location: 2F
1-2: Foul Ball, location: 2F
1-2: Hit by Pitch
Jim Unknown to third
Jim Unknown to second
Batting: RHB Jim Unknown 0-0: Ball
1-0: Grounds into double play, 6-4-3 (Groundball, 6)
Bottom of the 5th over - 0 run(s), 2 hit(s), 0 error(s), 2 left on base; Lancaster 1 - Battle Ground 8
TOP OF THE 6TH
Lancaster Farmers batting - Pitching for Battle Ground Aeros : RHP Jim Unknown
Batting: RHB Keith Fish 0-0: Called Strike
0-1: Ball
1-1: Ball
2-1: Foul Ball, location: 2F
2-2: Ball
3-2: Ground out 1-3 (Groundball, 13)
Batting: RHB Eric Howard 0-0: Ground out U3 (Groundball, 3)
Batting: RHB Jason Ruffin 0-0: Called Strike
0-1: SINGLE (Groundball, 4MD)
Batting: SHB Christos Galpin 0-0: Ball
1-0: 2-RUN HOME RUN (Flyball, 9D), Distance : 360 ft
Batting: RHB Júlio Santos 0-0: Ball
1-0: Fly out, F8 (Flyball, 8LD)
Top of the 6th over - 2 run(s), 2 hit(s), 0 error(s), 0 left on base; Lancaster 3 - Battle Ground 8
BOTTOM OF THE 6TH
Battle Ground Aeros batting - Pitching for Lancaster Farmers : LHP Álex Reyes
Batting: LHB Nathan Santos 0-0: Ball
1-0: Called Strike
1-1: Ball
2-1: Ball
3-1: Called Strike
3-2: Ground out 1-3 (Groundball, 25)
Batting: SHB Shawn Sánchez 0-0: Ball
1-0: Ball
2-0: Ball
3-0: Called Strike
3-1: Base on Balls
Batting: LHB Jim Unknown 0-0: Ball
Shawn Sánchez steals 2nd base
1-0: Ball
2-0: Ball
3-0: Called Strike
3-1: Called Strike
3-2: Fly out, F5 (Popup, 6)
Batting: LHB Jim Unknown 0-0: Ball
1-0: Ground out 4-3 (Groundball, 4)
Bottom of the 6th over - 0 run(s), 0 hit(s), 0 error(s), 1 left on base; Lancaster 3 - Battle Ground 8
TOP OF THE 7TH
Lancaster Farmers batting - Pitching for Battle Ground Aeros : RHP Jim Unknown
Batting: SHB Carlos Rodríguez 0-0: Called Strike
0-1: Foul Ball, location: 2F
0-2: Ball
1-2: Strikes out looking
Batting: SHB Arturo Robles 0-0: Called Strike
0-1: Ball
1-1: Ground out 1-3 (Groundball, 13S)
Batting: SHB Michel Perrin 0-0: Swinging Strike
0-1: Swinging Strike
0-2: Ball
1-2: Ball
2-2: Strikes out looking
Top of the 7th over - 0 run(s), 0 hit(s), 0 error(s), 0 left on base; Lancaster 3 - Battle Ground 8
BOTTOM OF THE 7TH
Battle Ground Aeros batting - Pitching for Lancaster Farmers : LHP Álex Reyes
Batting: RHB Jim Unknown 0-0: Ball
1-0: Called Strike
1-1: Swinging Strike
1-2: Strikes out swinging
Batting: LHB Jim Unknown 0-0: Swinging Strike
0-1: Ball
1-1: Ball
2-1: Foul Ball, location: 2F
2-2: SINGLE (Groundball, 13) (infield hit)
Pitching: LHP Sergio Cruz
Batting: RHB Jim Unknown 0-0: Ball
1-0: Fly out, F9 (Flyball, 9LSF)
Batting: LHB Jim Unknown 0-0: Fly out, F7 (Flyball, 7M)
Bottom of the 7th over - 0 run(s), 1 hit(s), 0 error(s), 1 left on base; Lancaster 3 - Battle Ground 8
TOP OF THE 8TH
Lancaster Farmers batting - Pitching for Battle Ground Aeros : RHP Jim Unknown
Batting: RHB Alfonso López 0-0: Fly out, F8 (Line Drive, 8LM)
Batting: RHB Keith Fish 0-0: Ball
1-0: Called Strike
1-1: Fly out, F5 (Line Drive, 5S)
Batting: RHB Eric Howard 0-0: Called Strike
0-1: Ball
1-1: Foul Ball, location: 2F
1-2: Ball
2-2: Fly out, F9 (Flyball, 89M)
Top of the 8th over - 0 run(s), 0 hit(s), 0 error(s), 0 left on base; Lancaster 3 - Battle Ground 8
BOTTOM OF THE 8TH
Battle Ground Aeros batting - Pitching for Lancaster Farmers : LHP Sergio Cruz
Batting: RHB Jim Unknown 0-0: Foul Ball, location: 2F
0-1: Called Strike
0-2: Ground out 5-3 (Groundball, 56S)
Batting: LHB Nathan Santos 0-0: Ground out 4-3 (Groundball, 34)
Batting: SHB Shawn Sánchez 0-0: SINGLE (Groundball, 4MD)
Batting: LHB Jim Unknown 0-0: Called Strike
0-1: Fly out, F7 (Line Drive, 7M)
Bottom of the 8th over - 0 run(s), 1 hit(s), 0 error(s), 1 left on base; Lancaster 3 - Battle Ground 8
TOP OF THE 9TH
Lancaster Farmers batting - Pitching for Battle Ground Aeros : RHP Jim Unknown
Batting: RHB Jason Ruffin 0-0: Ball
1-0: Ball
2-0: Ball
3-0: Called Strike
3-1: Foul Ball, location: 2F
3-2: Foul Ball, location: 2F
3-2: Foul Ball, location: 2F
3-2: Fly out, F9 (Line Drive, 9S)
Batting: SHB Christos Galpin 0-0: Ball
1-0: Foul Ball, location: 2F
1-1: SINGLE (Groundball, 3D)
Batting: RHB Júlio Santos 0-0: Ball
1-0: Ball
2-0: Ball
3-0: Base on Balls
Christos Galpin to second
Batting: SHB Carlos Rodríguez 0-0: Ball
1-0: Called Strike
1-1: Called Strike
1-2: Ball
2-2: Foul Ball, location: 2F
2-2: Foul Ball, location: 2F
2-2: Reached on Error, E7 (Flyball, 7S)
Christos Galpin to third
Júlio Santos to second
Pitching: RHP Rex Hood
Batting: SHB Arturo Robles 0-0: Ball
1-0: Reached on Error, E8 (Flyball, 78M)
Christos Galpin scores
Júlio Santos to third
Carlos Rodríguez to second
Pinch Hitting: RHB Adrian Smith 0-0: Ball
1-0: Ball
2-0: Ball
3-0: Called Strike
3-1: Called Strike
3-2: Fly out, F6 (Popup, 6MS)
Pinch Hitting: RHB Alan Potts 0-0: Foul Ball, location: 2F
0-1: Ball
1-1: Foul Ball, location: 2F
1-2: Ball
2-2: Ground out U3 (Groundball, 3)
Top of the 9th over - 1 run(s), 1 hit(s), 2 error(s), 3 left on base; Lancaster 4 - Battle Ground 8
This league is powered by Out of the Park Baseball, the baseball management simulation game for PC, Mac and Linux
Friday, October 23rd, 2015 - OOTP Baseball 16.9 Build 39